 Dungeon Crawl Stone Soup version 0.19-a0-1861-g35def1e (webtiles) character file.

91 Naow the Magician (level 4, -4/24 HPs)
             Began as a Deep Elf Conjurer on Oct 12, 2016.
             Shot with an arrow by a centaur (8 damage)
             ... on level 3 of the Dungeon.
             The game lasted 00:01:58 (1852 turns).

Naow the Magician (Deep Elf Conjurer)               Turns: 1852, Time: 00:01:59

Health: -4/24      AC:  2    Str:  5    XL:     4   Next: 33%
Magic:  8/13       EV: 13    Int: 21    God:
Gold:   91         SH:  0    Dex: 15    Spells: 1 memorised, 13 levels left

rFire  . . .     SeeInvis .     (no weapon)
rCold  . . .     Gourm    .     a - +0 robe
rNeg   . . .     Faith    .     (no shield)
rPois  .         Spirit   .     (no helmet)
rElec  .         Dismiss  .     (no cloak)
rCorr  .         Reflect  .     (no gloves)
MR     .....     Harm     .     (no boots)
Stlth  ++........               (no amulet)
                                (no ring)
                                (no ring)

@: no status effects
A: no striking features
a: no special abilities


You were on level 3 of the Dungeon.
You were not hungry.

You visited 1 branch of the dungeon, and saw 3 of its levels.

You collected 91 gold pieces.

Inventory:

Armour
 a - a +0 robe (worn)
Scrolls
 e - 5 scrolls of identify {unknown}
 h - a scroll of magic mapping {unknown}
 i - a scroll of enchant weapon {unknown}
 k - a scroll of teleportation {unknown}
 l - a scroll of amnesia {unknown}
 n - a scroll of remove curse {unknown}
Potions
 d - 3 potions of curing {unknown}
 f - a potion of haste {unknown}
 g - a potion of heal wounds {unknown}
 j - a potion of mutation {unknown}
Books
 b - a book of Conjurations

   Spells                             Type                      Level
   a - Magic Dart                     Conjuration                  1
   b - Searing Ray                    Conjuration                  2
   c - Dazzling Spray                 Conjuration/Hexes            3
   d - Fulminant Prism                Conjuration/Hexes            4
   e - Iskenderun's Mystic Blast      Conjuration                  4
   f - Iskenderun's Battlesphere      Conjuration/Charms           5
Comestibles
 c - a bread ration


   Skills:
 - Level 2.5 Dodging
 - Level 2.4 Stealth
 + Level 5.8 Spellcasting
 - Level 4.8 Conjurations


You had 13 spell levels left.
You knew the following spells:

 Your Spells              Type           Power        Failure   Level  Hunger
a - Magic Dart            Conj           ####         1%          1    None


Dungeon Overview and Level Annotations

Branches:
Dungeon (3/15)

Altars:


Message History

Aim: a centaur (lightly wounded)
The magic dart hits the centaur.
The centaur is lightly wounded.
The centaur wields a shortbow.
The centaur shoots an arrow.
The arrow hits you!
The centaur shoots an arrow.
The arrow hits you!
* * * LOW HITPOINT WARNING * * *
Casting: Magic Dart
Confirm with . or Enter, or press ? or * to list all spells.
Aiming: Magic Dart
Press: ? - help, Shift-Dir - straight line, f/p - centaur
Aim: a centaur, wielding a shortbow (lightly wounded)
The magic dart hits the centaur.
The centaur is moderately wounded.
The centaur shoots an arrow.
The arrow hits you.
* * * LOW HITPOINT WARNING * * *
A kobold comes into view.
There are monsters nearby!
There are monsters nearby!
The centaur shoots an arrow.
The arrow hits you!
You die...

.## ...# #. ...# #.
### #..#
#.##.###..####
#.#.........(.
#.###......#..#.#
...........@..#.##
#..........#(....#
..#####...##........
# #.......<..$###
#....##.......K
#.#.###.##c####
#.#.# #.. .) #.#.#
### #. #.#.. ..


You could see a centaur.

Vanquished Creatures
  A gnoll (D:1)
  3 adders (D:2)
  A worm (D:2)
  A leopard gecko (D:1)
  A giant cockroach (D:1)
  5 goblins
  5 hobgoblins
  4 jackals
  8 kobolds
  2 quokkas (D:2)
  9 bats
  5 frilled lizards
  3 rats
48 creatures vanquished.

Notes
Turn   | Place    | Note
-------+----------+-------------------------------------------
     0 | D:1      | Naow the Deep Elf Conjurer began the quest for the Orb.
     0 | D:1      | Reached XP level 1. HP: 10/10 MP: 6/6
   296 | D:1      | Reached XP level 2. HP: 15/15 MP: 6/8
   490 | D:1      | Reached skill level 4 in Spellcasting
   695 | D:1      | Reached XP level 3. HP: 11/19 MP: 7/10
  1284 | D:2      | Reached skill level 5 in Spellcasting
  1356 | D:2      | Reached XP level 4. HP: 24/24 MP: 3/13
  1849 | D:3      | Noticed a centaur
  1852 | D:3      | Shot with an arrow by a centaur

Vault maps used:
D:1:      minmay_arrival_stair_chambers
D:3:      nicolae_gozag_seed_capital

Skill      XL: |  1  2  3 |
---------------+----------+-----
Spellcasting   | 4 5 |  5.8
Dodging        | |  2.5
Stealth        | |  2.4
Conjurations   | |  4.8

Action                   |  1- 3 |  4- 6 || total
-------------------------+-------+-------++-------
Melee: Unarmed           |     5 |       ||     5
 Cast: Magic Dart        |    71 |    25 ||    96
  Eat: Chunk             |     1 |     2 ||     3
Armor: Robe              |     3 |     1 ||     4
Dodge: Dodged            |    27 |     4 ||    31
